 Dungeon Crawl Stone Soup version 0.26.0-10-g1f06aea511 (webtiles) character file.

Game seed: 4439874606548444678

11 MajorAdolf the Magician (level 2, 0/22 HPs)
             Began as a Naga Wanderer on Jan 15, 2021.
             Slain by an adder (2 damage)
             ... on level 2 of the Dungeon.
             The game lasted 00:02:58 (1602 turns).

MajorAdolf the Magician (Naga Wanderer)             Turns: 1602, Time: 00:02:58

Health: 0/22       AC:  2    Str: 12    XL:     2   Next: 25%
Magic:  6/6        EV:  7    Int: 12    God:
Gold:   56         SH:  7    Dex: 12    Spells: 6/7 levels left

rFire    . . .     SeeInvis +   b - +0 dagger
rCold    . . .     Faith    .   e - +0 kite shield
rNeg     . . .     Spirit   .   d - +0 robe
rPois    +         Reflect  .   (no helmet)
rElec    .         Harm     .   f - +0 cloak
rCorr    .         Rampage  .   (no gloves)
Will     .....                  (no barding)
Stlth    +.........             (no amulet)
HPRegen  0.07/turn              (no ring)
MPRegen  0.10/turn              (no ring)

@: very slow
A: large, see invisible, deformed body, poison resistance, slowness 2, spit
poison 1, AC +0
a: Spit Poison


You were on level 2 of the Dungeon.
You visited 1 branch of the dungeon, and saw 2 of its levels.

You collected 56 gold pieces.

Inventory:

Hand Weapons
 b - a +0 dagger (weapon)
Armour
 d - a +0 robe (worn)
 e - a +0 kite shield (worn)
 f - a +0 cloak (worn)
Scrolls
 g - a scroll of blinking {unknown}
 h - 3 scrolls of magic mapping {unknown}
 i - a scroll of identify {unknown}
 j - a scroll of immolation {unknown}
 l - 2 scrolls of enchant armour {unknown}
Potions
 a - a potion of haste {unknown}
 c - 2 potions of curing
 k - a potion of attraction {unknown}


   Skills:
 + Level 0.1 Fighting
 - Level 2.0 Short Blades
 + Level 1.3 Dodging
 + Level 2.1 Shields
 - Level 3.0 Spellcasting
 - Level 1.0 Translocations
 - Level 1.0 Transmutations


You had 6 spell levels left.
You knew the following spells:

 Your Spells              Type           Power        Failure   Level
a - Freeze                Ice            4%           71%         1

Your spell library contained the following spells:

 Spells                   Type           Power        Failure   Level
 Frozen Ramparts          Ice            2%           97%         3


Dungeon Overview and Level Annotations

Branches:
Dungeon (2/15)

Altars:


Innate Abilities, Weirdness & Mutations

You cannot wear boots.
Your serpentine skin is tough. (AC +0)
You have supernaturally acute eyesight. (SInv)
Armour fits poorly on your strangely shaped body.
Your system is resistant to poisons. (rPois)
You cover ground very slowly.
You can spit poison.


Message History

The adder is almost dead.
The adder bites you. The rat bites you.
Unknown command.
You have got your breath back.
You block the adder's attack. The rat bites you.
* * * LOW HITPOINT WARNING * * *
Press: ? - help, Shift-Dir - straight line, f/p - adder
Aim: an adder (almost dead)
The splash of poison misses the adder.
You block the adder's attack. The rat barely misses you.
You block the adder's attack.
Unknown command.
The adder bites you.
* * * LOW HITPOINT WARNING * * *
The adder bites you.
* * * LOW HITPOINT WARNING * * *
The rat bites you.
* * * LOW HITPOINT WARNING * * *
You have got your breath back.
The adder bites you.
You die...

..#............... #.
#........#.#......
#.###................
+..#.............#...
#..#.............##..
##....................
#.....................
#.....................
######...S@.)...########...
.?.#....r.###### #... #
#.##......# #...
#..#'#.....>.# ##..
#...........# ##.
#......###### ## ########


You could see an adder and a rat.

Vanquished Creatures
  A goblin (D:1)
  2 hobgoblins
  A ball python (D:1)
  2 bats (D:1)
  2 frilled lizards (D:1)
  2 kobolds (D:1)
  A rat (D:1)
11 creatures vanquished.

Vanquished Creatures (others)
  A leopard gecko (D:1)
1 creature vanquished.

Grand Total: 12 creatures vanquished

Notes
Turn   | Place    | Note
-------+----------+-------------------------------------------
     0 | D:1      | MajorAdolf the Naga Wanderer began the quest for the Orb.
     0 | D:1      | MajorAdolf set off with the following items: a +0 club, a
                  | potion of curing, a +0 robe, a +0 kite shield; and the
                  | following spell memorised: Freeze; and the following spells
                  | available to memorise: Frozen Ramparts
     0 | D:1      | Reached XP level 1. HP: 15/15 MP: 4/4
   693 | D:1      | Reached XP level 2. HP: 21/22 MP: 6/6
  1602 | D:2      | Slain by an adder

Illustrated notes

Levels and vault maps discovered:
D:1:      onia_arrival_pentagram, layout_basic, lemuel_flame_loot_1
D:2:      cheibrodos_greedy_goblins, layout_rooms,
          nicolae_overflow_hidden_temple, minmay_divided_ellipse

Skill      XL: |  1 |
---------------+----+-----
Shields        | 2 |  2.1
Fighting       | |  0.1
Short Blades   | |  2.0
Dodging        | |  1.3
Spellcasting   | |  3.0
Translocations | |  1.0
Transmutations | |  1.0

Action                   || total
-------------------------++-------
Melee: Dagger            ||    49
       Club              ||    11
 Abil: Spit Poison       ||    17
  Use: Potion            ||     1
Armor: Robe              ||    13
Dodge: Dodged            ||    22
Block: Kite shield       ||    27
